 Dungeon Crawl Stone Soup version 0.25.1-2-g60ff931df9 (webtiles) character file.

Game seed: 17646127309053010044

221 hawla the Chopper (level 5, 0/47 HPs)
             Began as a Hill Orc Monk on Oct 25, 2020.
             Killed by nerve-wracking pain
             ... invoked by Grinder
              (11 damage)
             ... on level 3 of the Dungeon.
             The game lasted 00:05:28 (2682 turns).

hawla the Chopper (Hill Orc Monk)                   Turns: 2682, Time: 00:05:29

Health: 0/47       AC:  3    Str: 15    XL:     5   Next: 98%
Magic:  5/5        EV: 14    Int: 10    God:
Gold:   101        SH:  0    Dex: 13    Spells: 4/4 levels left

rFire    . . .     SeeInvis .   a - +0 hand axe
rCold    + . .     Gourm    .   (no shield)
rNeg     . . .     Faith    +   e - +0 robe {MR+}
rPois    .         Spirit   .   (no helmet)
rElec    .         Reflect  .   h - scarf {+Inv}
rCorr    .         Harm     .   i - +0 pair of gloves
MR       +....                  (no boots)
Stlth    ++........             n - amulet of faith
HPRegen  0.15/turn              g - ring of protection from cold
MPRegen  0.09/turn              (no ring)

@: brilliant, very slightly contaminated, invisible
A: no striking features
a: no special abilities


You were on level 3 of the Dungeon.
You were hungry.

You visited 1 branch of the dungeon, and saw 3 of its levels.

You collected 101 gold pieces.

Inventory:

Hand Weapons
 a - a +0 hand axe (weapon)
Armour
 e - a +0 robe of magic resistance (worn)
 h - a scarf of invisibility (worn)
 i - a +0 pair of gloves (worn)
Jewellery
 g - a ring of protection from cold (left hand)
 n - an amulet of faith (around neck)
Scrolls
 b - a scroll of identify
 f - a scroll of immolation {unknown}
 m - a scroll of magic mapping
Potions
 j - a potion of invisibility
Comestibles
 c - 4 rations


   Skills:
 + Level 4.5 Fighting
 + Level 5.6 Axes
 * Level 3.9 Dodging
 + Level 2.3 Stealth


You had 4 spell levels left.
You didn't know any spells.
Your spell library was empty.

Dungeon Overview and Level Annotations

Branches:
Dungeon (3/15)

Altars:
Fedhas
Makhleb
Nemelex Xobeh

Annotations:
D:3 Grinder


Message History

You fade into invisibility!
Grinder barely misses you.
You are very lightly contaminated with residual magic.
It was a potion of curing.
You feel better. Grinder hits you but does no damage.
You hit Grinder but do no damage.
Grinder is heavily wounded.
Grinder hits you!
You writhe in agony.
* * * LOW HITPOINT WARNING * * *
You barely miss Grinder.
Grinder is heavily wounded.
Grinder closely misses you.
You closely miss Grinder.
Grinder is heavily wounded.
Grinder misses you.
You barely miss Grinder.
Grinder is heavily wounded.
Grinder gestures at you. Pain shoots through your body!
You die...

...# ##### .[.##...#
#...# ...##...## #...#
...##....# #...#
...##....###...####
...##....#........#
..###....#........# ..#
#....#......5.# .
..####...#......@.###...
..#..'...'..............
###.##.[.#..............
# #.##...#..............
####....................
.......#................
....##############...###
....# ...# .#..# ...#


You could see Grinder.

Vanquished Creatures
  Sigmund (D:2)
  3 adders (D:2)
  A giant cockroach (D:2)
  6 hobgoblins
  2 jackals (D:2)
  5 kobolds
  2 bats (D:1)
  3 frilled lizards
  6 goblins
  10 rats
39 creatures vanquished.

Notes
Turn   | Place    | Note
-------+----------+-------------------------------------------
     0 | D:1      | hawla the Hill Orc Monk began the quest for the Orb.
     0 | D:1      | Reached XP level 1. HP: 19/19 MP: 1/1
   347 | D:1      | Reached XP level 2. HP: 27/27 MP: 2/2
  1151 | D:2      | Noticed Sigmund
  1170 | D:2      | Killed Sigmund
  1170 | D:2      | Reached skill level 5 in Axes
  1170 | D:2      | Reached XP level 3. HP: 22/34 MP: 3/3
  1170 | D:2      | Reached XP level 4. HP: 27/41 MP: 4/4
  1170 | D:2      | Reached XP level 5. HP: 31/47 MP: 5/5
  1686 | D:2      | Found a blossoming altar of Fedhas.
  2300 | D:2      | Found a sparkling altar of Nemelex Xobeh.
  2308 | D:2      | Found a burning altar of Makhleb.
  2517 | D:3      | Found a faded altar of an unknown god.
  2658 | D:3      | Noticed Grinder
  2682 | D:3      | Killed from afar by Grinder

Illustrated notes

Levels and vault maps discovered:
D:1:      minmay_arrival_four_houses, layout_loops_ring
D:2:      layout_basic, fedhas_altar_3, minitemple, first_ration, uniq_sigmund
D:3:      layout_basic, hangedman_ru_absence, cheibriados_altar_1,
          chequers_ecumenical_altar_simple_redux, gammafunk_ghost_icy,
          minmay_statues_item, uniq_grinder, uniq_ijyb

Skill      XL: |  1  2 |
---------------+-------+-----
Fighting       | 4 |  4.5
Axes           | 5 |  5.6
Dodging        | 3 |  3.9
Stealth        | 2 |  2.3

Action                   |  1- 3 |  4- 6 || total
-------------------------+-------+-------++-------
Melee: Hand axe          |    87 |    61 ||   148
  Use: Scroll            |     4 |     2 ||     6
       Potion            |     2 |     3 ||     5
 Stab: Sleeping          |     4 |     4 ||     8
  Eat: Chunk             |     1 |     4 ||     5
Armor: Robe              |    10 |     6 ||    16
       Skin              |     3 |       ||     3
Dodge: Dodged            |    63 |    38 ||   101
